PAAA
PORT ROYAL DISASTER @ ALLOWAY HALBERDS
09/09/2017
 
TOP OF THE 1ST
Port Royal Disaster batting - Pitching for Alloway Halberds : RHP Jim Unknown
Pitching: RHP Jim Unknown
Batting: RHB Mike Green 0-0: Swinging Strike
0-1: Ball
1-1: Swinging Strike
1-2: Ball
2-2: Hit by Pitch
Batting: LHB George Best 0-0: Called Strike
0-1: Foul Ball, location: 2F
0-2: Strikes out swinging
Batting: SHB Quan Ge 0-0: Swinging Strike
0-1: Ball
1-1: SINGLE (Line Drive, 56)
Mike Green to second
Batting: RHB Jim Unknown 0-0: Ball
1-0: Swinging Strike
1-1: Called Strike
1-2: Ball
2-2: Ball
3-2: Strikes out swinging
Batting: LHB Jason Potter 0-0: Swinging Strike
0-1: Foul Ball, location: 2F
0-2: Strikes out looking
Top of the 1st over - 0 run(s), 1 hit(s), 0 error(s), 2 left on base; Port Royal 0 - Alloway 0
BOTTOM OF THE 1ST
Alloway Halberds batting - Pitching for Port Royal Disaster : RHP Ed Montgomery
Pitching: RHP Ed Montgomery
Batting: RHB Orlando López 0-0: Foul Ball, location: 2F
0-1: Ball
1-1: SINGLE (Line Drive, 5D)
Batting: LHB Jack Robbins 0-0: Called Strike
Orlando López is caught stealing 2nd base
0-1: Ball
1-1: Ball
2-1: Foul Ball, location: 2F
2-2: Fly out, F7 (Flyball, 7LM)
Batting: RHB Pedro Orozco 0-0: Called Strike
0-1: Foul Ball, location: 2F
0-2: Foul Ball, location: 2F
0-2: Fly out, F4 (Popup, 4MD)
Bottom of the 1st over - 0 run(s), 1 hit(s), 0 error(s), 0 left on base; Port Royal 0 - Alloway 0
TOP OF THE 2ND
Port Royal Disaster batting - Pitching for Alloway Halberds : RHP Jim Unknown
Batting: LHB Jim Unknown 0-0: Called Strike
0-1: Called Strike
0-2: Ball
1-2: Foul Ball, location: 2F
1-2: Foul Ball, location: 2F
1-2: Fly out, F3 (Popup, 3SF)
Batting: LHB Keith McKnight 0-0: Ball
1-0: Called Strike
1-1: SINGLE (Line Drive, 34D)
Batting: RHB Clint Anthony 0-0: Ball
1-0: Foul Ball, location: 2F
1-1: SINGLE (Line Drive, 7S)
Keith McKnight to second
Batting: LHB Nelson Sanders 0-0: Ball
1-0: Swinging Strike
1-1: Foul Ball, location: 2F
1-2: Ball
2-2: Ball
3-2: SINGLE (Line Drive, 8LS)
Keith McKnight to third
Clint Anthony to second
Runner from 3rd tries for Home, SAFE, no throw or cutoff
Batting: RHB Mike Green 0-0: Ball
1-0: Called Strike
1-1: Called Strike
1-2: Strikes out swinging
Batting: LHB George Best 0-0: Ball
1-0: Ball
2-0: Called Strike
2-1: Called Strike
2-2: Strikes out swinging
Top of the 2nd over - 1 run(s), 3 hit(s), 0 error(s), 2 left on base; Port Royal 1 - Alloway 0
BOTTOM OF THE 2ND
Alloway Halberds batting - Pitching for Port Royal Disaster : RHP Ed Montgomery
Batting: LHB Matt Lee 0-0: Ball
1-0: Ball
2-0: Called Strike
2-1: Ground out 1-3 (Groundball, 13)
Batting: RHB Frank Carter 0-0: Ball
1-0: Foul Ball, location: 2F
1-1: Ball
2-1: Foul Ball, location: 2F
2-2: Ground out 5-3 (Groundball, 5S)
Batting: RHB Bill Stewart 0-0: Ball
1-0: Swinging Strike
1-1: Ball
2-1: Foul Ball, location: 2F
2-2: Foul Ball, location: 2F
2-2: Ball
3-2: SINGLE (Line Drive, 34D)
Batting: LHB Al Byers 0-0: Swinging Strike
0-1: Ball
1-1: SINGLE (Flyball, 9S)
Bill Stewart to second
Runner from 2nd tries for 3rd, OUT!
Bottom of the 2nd over - 0 run(s), 2 hit(s), 0 error(s), 1 left on base; Port Royal 1 - Alloway 0
TOP OF THE 3RD
Port Royal Disaster batting - Pitching for Alloway Halberds : RHP Jim Unknown
Batting: SHB Quan Ge 0-0: Called Strike
0-1: Called Strike
0-2: Ball
1-2: Ball
2-2: Fly out, F8 (Flyball, 8LM)
Batting: RHB Jim Unknown 0-0: Ball
1-0: Called Strike
1-1: Called Strike
1-2: Strikes out swinging
Batting: LHB Jason Potter 0-0: Fly out, F7 (Flyball, 7M)
Top of the 3rd over - 0 run(s), 0 hit(s), 0 error(s), 0 left on base; Port Royal 1 - Alloway 0
BOTTOM OF THE 3RD
Alloway Halberds batting - Pitching for Port Royal Disaster : RHP Ed Montgomery
Batting: RHB Brian Williams 0-0: Ball
1-0: Foul Ball, location: 2F
1-1: Ball
2-1: Ball
3-1: Foul Ball, location: 2F
3-2: Strikes out looking
Batting: SHB Curt Finley 0-0: Ground out 4-3 (Groundball, 4)
Batting: RHB Orlando López 0-0: Called Strike
0-1: Swinging Strike
0-2: Fly out, F9 (Flyball, 89S)
Bottom of the 3rd over - 0 run(s), 0 hit(s), 0 error(s), 0 left on base; Port Royal 1 - Alloway 0
TOP OF THE 4TH
Port Royal Disaster batting - Pitching for Alloway Halberds : RHP Jim Unknown
Batting: LHB Jim Unknown 0-0: Ground out 4-3 (Groundball, 4)
Batting: LHB Keith McKnight 0-0: Foul Ball, location: 2F
0-1: Fly out, F9 (Flyball, 9D)
Batting: RHB Clint Anthony 0-0: Swinging Strike
0-1: Foul Ball, location: 2F
0-2: Ball
1-2: Ball
2-2: Ball
3-2: Foul Ball, location: 2F
3-2: SINGLE (Groundball, 34D)
Batting: LHB Nelson Sanders 0-0: Called Strike
0-1: Ball
1-1: Ball
2-1: Swinging Strike
2-2: Strikes out swinging
Top of the 4th over - 0 run(s), 1 hit(s), 0 error(s), 1 left on base; Port Royal 1 - Alloway 0
BOTTOM OF THE 4TH
Alloway Halberds batting - Pitching for Port Royal Disaster : RHP Ed Montgomery
Batting: LHB Jack Robbins 0-0: Ball
1-0: Ground out 6-3 (Groundball, 6MS)
Batting: RHB Pedro Orozco 0-0: Ball
1-0: Ball
2-0: Called Strike
2-1: Ground out 5-3 (Groundball, 56)
Batting: LHB Matt Lee 0-0: Ball
1-0: Ball
2-0: Ball
3-0: Base on Balls
Batting: RHB Frank Carter 0-0: Ball
1-0: Ball
2-0: Ball
3-0: Called Strike
3-1: Foul Ball, location: 2F
3-2: Strikes out swinging
Bottom of the 4th over - 0 run(s), 0 hit(s), 0 error(s), 1 left on base; Port Royal 1 - Alloway 0
TOP OF THE 5TH
Port Royal Disaster batting - Pitching for Alloway Halberds : RHP Jim Unknown
Batting: RHB Mike Green 0-0: Ball
1-0: Swinging Strike
1-1: Called Strike
1-2: Ball
2-2: Ball
3-2: Strikes out swinging
Batting: LHB George Best 0-0: Ball
1-0: Ball
2-0: Ball
3-0: Base on Balls
Batting: SHB Quan Ge 0-0: Ball
1-0: Called Strike
1-1: Ball
2-1: Ball
3-1: SINGLE (Line Drive, 78M)
George Best to second
Batting: RHB Jim Unknown 0-0: Called Strike
George Best steals 3rd base
0-1: Foul Ball, location: 2F
0-2: Ball
1-2: Ball
2-2: Strikes out swinging
Batting: LHB Jason Potter 0-0: Ball
1-0: SINGLE (Flyball, 8LS)
George Best scores
Quan Ge to second
Batting: LHB Jim Unknown 0-0: Swinging Strike
0-1: Ball
1-1: Called Strike
1-2: SINGLE (Groundball, 34D) (infield hit)
Quan Ge to third
Jason Potter to second
Batting: LHB Keith McKnight 0-0: Swinging Strike
0-1: Foul Ball, location: 2F
0-2: Ball
1-2: Ball
2-2: Ball
3-2: Ground out U3 (Groundball, 3)
Top of the 5th over - 1 run(s), 3 hit(s), 0 error(s), 3 left on base; Port Royal 2 - Alloway 0
BOTTOM OF THE 5TH
Alloway Halberds batting - Pitching for Port Royal Disaster : RHP Ed Montgomery
Batting: RHB Bill Stewart 0-0: Called Strike
0-1: Fly out, F8 (Flyball, 8RM)
Batting: LHB Al Byers 0-0: Ball
1-0: Ball
2-0: Ball
3-0: Base on Balls
Batting: RHB Brian Williams 0-0: Called Strike
0-1: Ball
1-1: Ball
2-1: Swinging Strike
2-2: Fly out, F4 (Popup, 34D)
Batting: SHB Curt Finley 0-0: Ball
Passed Ball!
Al Byers to second
1-0: Ball
2-0: Called Strike
2-1: Ball
3-1: Base on Balls
Batting: RHB Orlando López 0-0: Called Strike
0-1: Foul Ball, location: 2F
0-2: Ground out 6-3 (Groundball, 6)
Bottom of the 5th over - 0 run(s), 0 hit(s), 0 error(s), 2 left on base; Port Royal 2 - Alloway 0
TOP OF THE 6TH
Port Royal Disaster batting - Pitching for Alloway Halberds : RHP Jim Unknown
Batting: RHB Clint Anthony 0-0: Ground out 4-3 (Groundball, 4)
Batting: LHB Nelson Sanders 0-0: Ball
1-0: DOUBLE (Groundball, 3L)
Batting: RHB Mike Green 0-0: Ball
1-0: Swinging Strike
1-1: Ball
2-1: Swinging Strike
2-2: Ball
3-2: Strikes out swinging
Batting: LHB George Best 0-0: Ball
1-0: Ball
2-0: Foul Ball, location: 2F
2-1: Ball
3-1: 2-RUN HOME RUN (Flyball, 9D), Distance : 400 ft
Batting: SHB Quan Ge 0-0: Called Strike
0-1: Ball
1-1: Ball
2-1: Ball
3-1: Foul Ball, location: 2F
3-2: Strikes out swinging
Top of the 6th over - 2 run(s), 2 hit(s), 0 error(s), 0 left on base; Port Royal 4 - Alloway 0
BOTTOM OF THE 6TH
Alloway Halberds batting - Pitching for Port Royal Disaster : RHP Ed Montgomery
Batting: LHB Jack Robbins 0-0: Called Strike
0-1: Ground out U3 (Groundball, 3)
Batting: RHB Pedro Orozco 0-0: Called Strike
0-1: Fly out, F6 (Line Drive, 6)
Batting: LHB Matt Lee 0-0: Swinging Strike
0-1: Ball
1-1: Called Strike
1-2: Ball
2-2: Ground out 5-3 (Groundball, 56S)
Bottom of the 6th over - 0 run(s), 0 hit(s), 0 error(s), 0 left on base; Port Royal 4 - Alloway 0
TOP OF THE 7TH
Port Royal Disaster batting - Pitching for Alloway Halberds : RHP Jim Unknown
Batting: RHB Jim Unknown 0-0: Called Strike
0-1: Fly out, F9 (Flyball, 89D)
Batting: LHB Jason Potter 0-0: Called Strike
0-1: Ground out 5-3 (Groundball, 5S)
Batting: LHB Jim Unknown 0-0: Ground out 6-3 (Groundball, 6M)
Top of the 7th over - 0 run(s), 0 hit(s), 0 error(s), 0 left on base; Port Royal 4 - Alloway 0
BOTTOM OF THE 7TH
Alloway Halberds batting - Pitching for Port Royal Disaster : RHP Ed Montgomery
Batting: RHB Frank Carter 0-0: Called Strike
0-1: Called Strike
0-2: Ball
1-2: Foul Ball, location: 2F
1-2: Foul Ball, location: 2F
1-2: Ground out 4-3 (Groundball, 4M)
Batting: RHB Bill Stewart 0-0: Called Strike
0-1: Ball
1-1: Called Strike
1-2: Ball
2-2: Ball
3-2: Strikes out swinging
Batting: LHB Al Byers 0-0: Called Strike
0-1: Swinging Strike
0-2: Ball
1-2: Ground out 1-3 (Groundball, 13)
Bottom of the 7th over - 0 run(s), 0 hit(s), 0 error(s), 0 left on base; Port Royal 4 - Alloway 0
TOP OF THE 8TH
Port Royal Disaster batting - Pitching for Alloway Halberds : RHP Jim Unknown
Pitching: RHP Gene Anderson
Batting: LHB Keith McKnight 0-0: SINGLE (Groundball, 34)
Batting: RHB Clint Anthony 0-0: Ball
1-0: Called Strike
1-1: Ball
2-1: SINGLE (Line Drive, 4MD)
Keith McKnight to second
Batting: LHB Nelson Sanders 0-0: Called Strike
0-1: Fly out, F7 (Flyball, 78M)
Batting: RHB Mike Green 0-0: Ball
1-0: Ball
2-0: Ball
3-0: Base on Balls
Keith McKnight to third
Clint Anthony to second
Batting: LHB George Best 0-0: Called Strike
0-1: Ball
1-1: Foul Ball, location: 2F
1-2: Foul Ball, location: 2F
1-2: Strikes out swinging
Batting: SHB Quan Ge 0-0: Ball
1-0: Ball
2-0: Foul Ball, location: 2F
2-1: Swinging Strike
2-2: Foul Ball, location: 2F
2-2: Ball
3-2: Ground out 6-3 (Groundball, 6M)
Top of the 8th over - 0 run(s), 2 hit(s), 0 error(s), 3 left on base; Port Royal 4 - Alloway 0
BOTTOM OF THE 8TH
Alloway Halberds batting - Pitching for Port Royal Disaster : RHP Ed Montgomery
Batting: RHB Brian Williams 0-0: Ball
1-0: SINGLE (Groundball, 6MD)
Pitching: RHP Jim Unknown
Batting: SHB Curt Finley 0-0: Ball
1-0: Swinging Strike
1-1: Foul Ball, location: 2F
1-2: Ball
2-2: Strikes out swinging
Batting: RHB Orlando López 0-0: Called Strike
0-1: Called Strike
0-2: Ball
1-2: 2-RUN HOME RUN (Flyball, 7LD), Distance : 343 ft
Batting: LHB Jack Robbins 0-0: Called Strike
0-1: Called Strike
0-2: SINGLE (Line Drive, 4M)
Batting: RHB Pedro Orozco 0-0: Called Strike
0-1: Ball
1-1: Called Strike
1-2: Ball
2-2: Ball
3-2: Strikes out swinging
Pitching: LHP Zach Brown
Batting: LHB Matt Lee 0-0: Called Strike
0-1: Ball
1-1: Ball
2-1: Foul Ball, location: 2F
2-2: Strikes out swinging
Bottom of the 8th over - 2 run(s), 3 hit(s), 0 error(s), 1 left on base; Port Royal 4 - Alloway 2
TOP OF THE 9TH
Port Royal Disaster batting - Pitching for Alloway Halberds : RHP Gene Anderson
Batting: RHB Jim Unknown 0-0: Foul Ball, location: 2F
0-1: Ball
1-1: Ball
2-1: Reached on error, E5 (Groundball, 5)
Batting: LHB Jason Potter 0-0: Foul Ball, location: 2F
0-1: Ball
1-1: Foul Ball, location: 2F
1-2: Strikes out swinging
Jim Unknown steals 2nd base
Batter strikes out.
Batting: LHB Jim Unknown 0-0: Intentional Walk
Pitching: RHP Jim Unknown
Batting: LHB Keith McKnight 0-0: Ball
1-0: Ball
2-0: Fielders Choice at 2nd, 3-6 (Groundball, 3)
Jim Unknown to third
Batting: RHB Clint Anthony 0-0: Ball
1-0: Ball
2-0: Ground out 6-3 (Groundball, 6)
Top of the 9th over - 0 run(s), 0 hit(s), 1 error(s), 2 left on base; Port Royal 4 - Alloway 2
BOTTOM OF THE 9TH
Alloway Halberds batting - Pitching for Port Royal Disaster : LHP Zach Brown
Pitching: RHP Juan Piña
Batting: RHB Frank Carter 0-0: Fly out, F9 (Flyball, 9M)
Batting: RHB Bill Stewart 0-0: Swinging Strike
0-1: Swinging Strike
0-2: Strikes out swinging
Batting: LHB Al Byers 0-0: Called Strike
0-1: Ball
1-1: Swinging Strike
1-2: Strikes out swinging
Bottom of the 9th over - 0 run(s), 0 hit(s), 0 error(s), 0 left on base; Port Royal 4 - Alloway 2
This league is powered by Out of the Park Baseball, the baseball management simulation game for PC, Mac and Linux
Saturday, February 27th, 2021 - OOTP Baseball 15.6 Build 34